Description

a

Build Order

Get SALT Encoding   

  12  0:00  SCV  
  13  0:12  SCV  
  14  0:17  Supply Depot  
  14  0:24  SCV  
  15  0:38  SCV  
  15  0:39  Barracks  
  16  0:45  Refinery  
  16  0:50  SCV  
  17  1:03  SCV  
  18  1:15  SCV  
  19  1:27  Orbital Command, Reaper  
  20  1:39  Command Center  
  20  1:47  Supply Depot  
  20  1:53  SCV  
  21  1:58  Marine  
  22  2:05  SCV  
  23  2:11  Factory  
  23  2:15  Refinery  
  23  2:17  SCV  
  23  2:21  Barracks Reactor  
  26  2:51  Orbital Command  
  26  2:57  Starport  
  27  3:02  Hellion x2  
  32  3:13  Barracks Tech Lab  
  32  3:18  Supply Depot  
  34  3:23  Hellion x2  
  40  3:39  Banshee  
  40  3:40  Cloaking Field  
  43  3:42  Barracks Tech Lab  
  43  3:43  Supply Depot  
  47  3:48  Hellion x2  
  51  4:07  Supply Depot  
  51  4:08  Stimpack  
  53  4:21  Command Center  
  55  4:25  Marine  
  55  4:27  Factory Reactor  
  55  4:29  Banshee  
  60  4:40  Barracks x2  
  60  4:46  Marine  
  64  5:01  Engineering Bay x2  
  64  5:04  Marine  
  65  5:20  Starport Reactor  
  59  5:22  Refinery x2  
  59  5:24  Barracks x2  
  59  5:25  Marine  
  60  5:32  Siege Tank  
  60  5:33  Terran Infantry Weapons Level 1  
  60  5:37  Terran Infantry Armor Level 1  
  60  5:40  Marine x5  
  68  6:01  Combat Shield  
  72  6:05  Medivac  
  72  6:10  Orbital Command  
  78  6:12  Barracks Reactor x2  
  78  6:18  Medivac  
  84  6:30  Armory  
  91  6:46  Siege Tank  
  98  6:51  Medivac  
  109  7:06  Medivac  
  116  7:20  Siege Tank  
  119  7:30  Barracks x3  
  122  7:41  Terran Infantry Weapons Level 2  
  128  7:53  Widow Mine  
  133  8:01  Medivac x2  
  139  8:10  Terran Infantry Armor Level 2  
  139  8:16  Siege Tank  
  152  8:42  Command Center  
  152  8:47  Medivac  
  155  8:53  Siege Tank  
  151  9:11  Command Center  
  151  9:13  Liberator  
  147  9:23  Medivac  
  138  9:25  Siege Tank  
  144  9:55  Sensor Tower  
  144  9:57  Siege Tank  
Spawning Tool Build Advisor. Get it on Overwolf

Analysis

a

Go to:

Details

  • Created by: mushistar
  • Published on: Sep 10, 2021
  • Modified on: Sep 10, 2021
  • Patch: 4.11.0
  • Difficulty: Medium
Show
View Real Time Build Order
Export as new Build Order

Comments (0)

There are no comments. Be the first!

Create an account to comment!